 Dungeon Crawl Stone Soup version 0.30-a0-847-g17996783a1 (webtiles) character file.

Game seed: 12981218286920445887

1562 demibob the Blocker (level 8, 0/46 HPs)
             Began as a Gargoyle Fighter on Mar 3, 2023.
             Was a Priest of Wu Jian.
             Splashed by a jelly's acid (8 damage)
             ... on level 4 of the Dungeon.
             The game lasted 00:05:16 (3456 turns).

demibob the Blocker (Gargoyle Fighter)              Turns: 3456, Time: 00:05:17

Health: 0/46       AC: 19    Str: 17 (20) XL:     8   Next: 89%
Magic:  8/8        EV:  6    Int: 10 (12) God:    Wu Jian [***...]
Gold:   284        SH:  5    Dex:  9 (11) Spells: 7/7 levels left

rFire   . . .      SeeInvis +    p - +4 flail (protect)
rCold   . . .      Faith    .    c - +0 buckler
rNeg    + . .      Spirit   .    n - +0 chain mail
rPois   ∞          Reflect  .    k - +1 hat {Int+3}
rElec   +          Rampage  .    j - +0 cloak
rCorr   .                        (no gloves)
Will    .....                    (no boots) Stlth
                                 (no amulet)
HPRegen 0.27/turn                v - ring of see invisible
MPRegen 0.11/turn                (no ring)

@: corroded, under a protective aura
A: sickness immunity, AC +5, negative energy resistance 1, electricity
resistance, torment resistance 1, petrification resistance
a: Renounce Religion, Wall Jump, Serpent's Lash


You were on level 4 of the Dungeon.
You worshipped Wu Jian.
Wu Jian was most pleased with you.
You visited 1 branch of the dungeon, and saw 4 of its levels.
You also visited: Sewer.

You collected 284 gold pieces.


Innate Abilities, Weirdness & Mutations

You are immune to sickness and miasma.
Your stone body is resilient. (AC +5)
You are immune to poison.
You resist negative energy. (rN+)
You are resistant to electric shocks. (rElec)
You are resistant to unholy torment.
You are immune to petrification.


   Skills:
 - Level 3.2 Fighting
 + Level 7.9 Maces & Flails
 - Level 3.2 Armour
 + Level 9.0 Shields


You had 7 spell levels left.
You didn't know any spells.
Your spell library contained the following spells:

 Spells                   Type           Power      Damage    Failure   Level
 Shock                    Conj/Air       0%         1d3       100%        1
 Slow                     Hex            0%         N/A       100%        1
 Confusing Touch          Hex            0%         N/A       100%        3
 Stone Arrow              Conj/Erth      0%         3d7       100%        3
 Summon Guardian Golem    Hex/Summ       0%         N/A       100%        3
 Swiftness                Air            0%         N/A       100%        3
 Vampiric Draining        Necr           0%         2d6       100%        3
 Airstrike                Air            0%         2d(0-16)  100%        4
 Animate Armour           Summ/Erth      0%         N/A       100%        4
 Orb of Destruction       Conj           0%         9d5       100%        7
 Spellforged Servitor     Conj/Summ      0%         N/A       100%        7
 Lehudib's Crystal Spear  Conj/Erth      0%         10d2      100%        8

Inventory:

Hand Weapons
 a - a +0 flail
 p - a +4 flail of protection (weapon)
Missiles
 q - a curare-tipped dart {=f}
Armour
 c - a +0 buckler (worn)
 j - a +0 cloak (worn)
 k - a +1 hat of intelligence (worn)
 n - a +0 chain mail (worn)
Jewellery
 v - a ring of see invisible (left hand)
Wands
 b - a wand of polymorph (19)
 t - a wand of iceblast (11)
Scrolls
 i - 4 scrolls of teleportation {@r2}
 l - a scroll of amnesia
 o - a scroll of brand weapon
 s - a scroll of identify {@r1}
 x - a scroll of blinking {unknown}
Potions
 d - a potion of heal wounds {unknown}
 e - 2 potions of magic {unknown}
 f - a potion of brilliance
 g - a potion of degeneration
 h - 2 potions of haste {unknown}
 m - a potion of cancellation
 r - a potion of invisibility {unknown}
 u - a potion of might
 w - a potion of lignification {unknown}

Dungeon Overview and Level Annotations

Branches:
Dungeon (4/15)              Sewer (visited)
 Temple: D:4-7

Altars:
Ashenzari
Gozag
Kikubaaqudgha
Nemelex Xobeh
Okawaru
Qazlal
Uskayaw
Wu Jian

#.......... ###
#.............. ..#
#)............. #.#
#.............. #.#
######.######....... #.#
#................... #.#
#...................
#.###).........J)S......
..#........#....@.o.....
..#.########.....o......
#.#.###############.....
#.#.......)..# ....
#.##########.# .>. #.#
#......#.# .. #.#
#.####.#.# # #.# #.#
#.#.# #.# #.# #.#)#


You could see a jelly, an orc priest, an adder and an orc.


Message History

You sock the jelly!
Your hands burn!
* * * LOW HITPOINT WARNING * * *
The jelly is heavily wounded.
The adder bites you but does no damage.
The orc priest calls down the wrath of Beogh upon you.
Beogh smites you!
* * * LOW HITPOINT WARNING * * *
The jelly barely misses you. The orc closely misses you.
It was a potion of degeneration.
There was something very wrong with that liquid.
You feel weakened.
You feel dopey.
You feel clumsy. The adder bites you.
* * * LOW HITPOINT WARNING * * *
The orc priest hits you but does no damage.
The orc barely misses you. The jelly hits you but does no damage.
As you read the scroll of teleportation {@r2}, it crumbles to dust.
You feel strangely unstable. The adder barely misses you.
The adder bites you but does no damage.
The orc priest hits you but does no damage.
The jelly hits you but does no damage. The orc hits you but does no damage.
It was a potion of cancellation.
You feel strangely stable.
Your magical effects are unravelling.
You feel magically purged.
You are no longer corroded.
You block the adder's attack. The orc priest barely misses you.
The jelly hits you.
* * * LOW HITPOINT WARNING * * *
The acid corrodes you!
You are splashed with acid!
You die...

Skill      XL: |  1  2  3  4  5  6  7  8 |
---------------+-------------------------+-----
Shields        | 4 5 6 7 9 |  9.0
Maces & Flails | 3 4 5 6 7 |  7.9
Fighting       | |  3.2
Armour         | |  3.2

Action                     |  1- 3 |  4- 6 |  7- 9 || total
---------------------------+-------+-------+-------++-------
  Melee: Flail             |   107 |   143 |   116 ||   366
         Unarmed           |       |       |    13 ||    13
Ability: Lunge             |     6 |     8 |     8 ||    22
         Whirlwind         |       |     4 |       ||     4
  Evoke: Wand              |       |       |     3 ||     3
    Use: Scroll            |     3 |     2 |     6 ||    11
         Potion            |       |     2 |     3 ||     5
 Armour: Scale mail        |    56 |    79 |       ||   135
         Chain mail        |       |       |    60 ||    60
         Skin              |       |       |     3 ||     3
  Dodge: Dodged            |    55 |    69 |    37 ||   161
  Block: Buckler           |    23 |    30 |    21 ||    74

Levels and vault maps discovered:
D:1:      minmay_arrival_three_doors, layout_basic,
          dreamdust_ecumenical_altar_hidden_monk_grotto
D:2:      layout_basic, basic_altar, uniq_crazy_yiuf_cottage
D:3:      layout_loops_cross, nicolae_overflow_crystal_walls,
          mainiacjoe_overflow_catwalk, mainiacjoe_overflow_24_doors,
          mainiacjoe_overflow_alcove_2, nicolae_overflow_hidden_temple,
          portal_sewer_entry_b, serial_aquarium, aquarium_bridge_long_separate
          [aquarium_subvault_balcony, aquarium_subvault_bridge,
          aquarium_subvault_wall, aquarium_subvault_bridge,
          aquarium_subvault_window, aquarium_subvault_bridge],
          aquarium_bridge_island_small [aquarium_subvault_small_water,
          aquarium_subvault_bridge, aquarium_subvault_wall,
          aquarium_subvault_wall, aquarium_subvault_bridge],
          aquarium_window_fake, aquarium_window_3, aquarium_window_1,
          aquarium_view_2a, aquarium_view_2f
D:4:      cheibrodos_fertilizer, layout_basic,
          nicolae_hepliaklqana_monster_ancestors, uniq_duvessa, uniq_pikel,
          uniq_sigmund, uniq_grinder

Notes
Turn   | Place    | Note
-------+----------+-------------------------------------------
     0 | D:1      | demibob the Gargoyle Fighter began the quest for the Orb.
     0 | D:1      | Reached XP level 1. HP: 14/14 MP: 1/1
   281 | D:1      | Found a faded altar of an unknown god.
   470 | D:1      | Prayed at the altar of an unknown god.
   470 | D:1      | Became a worshipper of the Wu Jian Council
   470 | D:1      | Reached * piety under Wu Jian
   500 | D:2      | Reached XP level 2. HP: 19/19 MP: 2/2
   761 | D:2      | Reached XP level 3. HP: 23/23 MP: 3/3
   882 | D:2      | Reached skill level 4 in Shields
   887 | D:2      | Found an ancient bone altar of Kikubaaqudgha.
  1076 | D:2      | Found a runed translucent door.
  1077 | D:2      | Noticed Crazy Yiuf
  1087 | D:2      | Killed Crazy Yiuf
  1088 | D:2      | Reached skill level 3 in Maces & Flails
  1231 | D:3      | Reached XP level 4. HP: 28/28 MP: 4/4
  1249 | D:3      | Found a broken altar of Ashenzari.
  1363 | D:3      | Found a stormy altar of Qazlal.
  1453 | D:3      | Found an opulent altar of Gozag.
  1521 | D:3      | Found a hide-covered altar of Uskayaw.
  1523 | D:3      | Found an iron altar of Okawaru.
  1627 | D:3      | Found a glowing drain.
  1633 | D:3      | Reached ** piety under Wu Jian
  1670 | Sewer    | Entered a sewer
  1694 | Sewer    | Reached XP level 5. HP: 27/32 MP: 5/5
  1766 | Sewer    | Reached skill level 5 in Shields
  1768 | Sewer    | Reached skill level 4 in Maces & Flails
  1785 | Sewer    | Found an ancient bone altar of Kikubaaqudgha.
  1811 | Sewer    | Reached XP level 6. HP: 21/37 MP: 6/6
  1904 | Sewer    | Reached skill level 5 in Maces & Flails
  1904 | Sewer    | Reached skill level 6 in Shields
  1967 | Sewer    | Noticed Grinder
  1977 | Sewer    | Paralysed by Grinder for 2 turns
  1979 | Sewer    | Killed Grinder
  1980 | Sewer    | Reached XP level 7. HP: 40/41 MP: 7/7
  2214 | D:3      | Found a sparkling altar of Nemelex Xobeh.
  2547 | D:4      | Noticed Duvessa
  2547 | D:4      | Noticed Dowan
  2554 | D:4      | Killed Dowan
  2555 | D:4      | Reached skill level 7 in Shields
  2566 | D:4      | Killed Duvessa
  2567 | D:4      | Reached skill level 6 in Maces & Flails
  2709 | D:4      | Noticed Sigmund
  2713 | D:4      | Killed Sigmund
  2714 | D:4      | Reached XP level 8. HP: 46/46 MP: 8/8
  2789 | D:4      | Reached *** piety under Wu Jian
  2818 | D:4      | Noticed Pikel
  2847 | D:4      | Killed Pikel
  2848 | D:4      | Reached skill level 7 in Maces & Flails
  2848 | D:4      | Reached skill level 8 in Shields
  2988 | D:4      | Reached skill level 9 in Shields
  3456 | D:4      | Splashed by a jelly's acid

Vanquished Creatures
  Pikel (D:4)
  Grinder (Sewer)
  Sigmund (D:4)
  Duvessa (D:4)
  2 lemures (D:4)
  A kobold brigand (Sewer)
  A necrophage (Sewer)
  A wight (Sewer)
  Dowan (D:4)
  2 jellies (D:4)
  An orc priest (D:4)
  Crazy Yiuf (D:2)
  An iguana (D:4)
  9 gnolls
  2 adders
  3 river rats (D:3)
  6 shadow imps (Sewer)
  5 ufetubi
  2 worms (D:3)
  2 dart slugs (D:4)
  3 orcs
  12 ball pythons
  10 endoplasms
  7 giant cockroaches
  3 goblins
  4 hobgoblins
  3 quokkas
  8 bats
  27 kobolds
  A kobold zombie (Sewer)
  6 rats
128 creatures vanquished.

Vanquished Creatures (others)
  3 fungi
  12 toadstools (D:4)
15 creatures vanquished.

Grand Total: 143 creatures vanquished

Table legend: (Time is in decaauts)
 A = Elapsed time spent in this place.
 B = Non-inter-level travel time spent in this place.
 C = Inter-level travel time spent in this place.
 D = Time resting spent in this place.
 E = Time spent auto-exploring this place.
 F = Levels seen in this place.
 G = Mean time per level.
                   A        B        C        D        E       F      G
               +--------+--------+--------+--------+--------+-----+--------+
         Total |   3538 |   3442 |     96 |    190 |   2452 |   5 |  707.6 |
       Dungeon |   3030 |   2934 |     96 |    190 |   2151 |   4 |  757.5 |
         Sewer |    507 |    507 |      0 |      0 |    300 |   1 |  507.0 |
               +--------+--------+--------+--------+--------+-----+--------+

Top non-repeatable levels by time:
     D:4: 913 daAuts
     D:3: 891 daAuts
     D:2: 724 daAuts
   Sewer: 507 daAuts
     D:1: 500 daAuts

Table legend:
 A = Non-vault XP
 B = Vault XP
 C = Vault XP percentage of total XP
 D = Non-vault monster count
 E = Vault monster count
 F = Vault count percentage of total count
                 A         B        C        D         E       F
            +---------+---------+-------+---------+---------+-------
      Total |     318 |    1914 |  85.8 |      60 |      66 |  52.4
            +---------+---------+-------+---------+---------+-------
        D:1 |       9 |       0 |   0.0 |       6 |       0 |   0.0
        D:2 |      31 |      40 |  56.3 |      20 |       1 |   4.8
        D:3 |      76 |      54 |  41.5 |      15 |       9 |  37.5
        D:4 |     202 |    1167 |  85.2 |      19 |      21 |  52.5
      Sewer |       0 |     653 | 100.0 |       0 |      35 | 100.0
            +---------+---------+-------+---------+---------+-------
